 Dungeon Crawl Stone Soup version 0.30.1-3-gfc49f6343a (webtiles) character file.

Game seed: 8274536933713514572

76890 Peloso the Tortoise (level 15, -15/137 HPs)
             Began as a Minotaur Fighter on July 29, 2023.
             Was a High Priest of Okawaru.
             Demolished by a komodo dragon (21 damage)
             ... on level 5 of the Lair of Beasts.
             The game lasted 00:48:26 (25968 turns).

Peloso the Tortoise (Minotaur Fighter)             Turns: 25968, Time: 00:48:26

Health: -15/137    AC: 30    Str: 33    XL:     15   Next: 13%
Magic:  25/25      EV:  8    Int:  5    God:    Okawaru [*****.]
Gold:   463        SH:  7    Dex: 11    Spells: 14/14 levels left

rFire   + . .        a - +2 long sword (freeze)
rCold   + + .        d - +0 buckler
rNeg    . . .        P - +3 gold dragon scales
rPois   +            r - +1 hat of the Monkey's Uncle {Will+}
rElec   .            R - +2 cloak of Baldness {rPois MP+9}
rCorr   .            (no gloves)
SInv    .            w - +0 pair of boots
Will    ++...        (no amulet) Stlth
                     N - +6 ring of strength
HPRegen 0.42/turn    j - ring of protection from cold
MPRegen 0.19/turn

%: no passive effects
@: no status effects
A: horns 2, retaliatory headbutt, low MP 1, screaming 1
a: Renounce Religion, Heroism, Finesse, Duel


You were on level 5 of the Lair of Beasts.
You worshipped Okawaru.
Okawaru was extremely pleased with you.
You visited 3 branches of the dungeon, and saw 20 of its levels.
You also visited: Bailey and Ice Cave.

You collected 2131 gold pieces.
You spent 1668 gold pieces at shops.

Inventory:

Hand Weapons
 a - a +2 long sword of freezing (weapon)
 b - a +0 hand axe of flaming
 C - the +7 short sword "Gycrume" {heavy, *Rage rElec rN++ rCorr}
   (You found it on level 4 of the Dungeon)

   rElec:     It insulates you from electricity.
   rN:        It greatly protects you from negative energy.
   *Rage:     It berserks you when you make melee attacks (+20% chance).
   rCorr:     It protects you from acid and corrosion.
Armour
 c - a +3 plate armour
 d - a +0 buckler (worn)
 r - the +1 hat of the Monkey's Uncle (worn) {Will+}
   (You bought it in a shop on level 2 of the Orcish Mines)

   Will:      It increases your willpower.
 w - a +0 pair of boots (worn)
 K - the +3 pair of seven-league boots {Rampage+∞}
   (You found it in an ice cave)

   Rampage+∞: When moving toward enemies, its wearer moves as far as possible,
   alerting their target en route.
 P - +3 gold dragon scales (worn)
 R - the +2 cloak of Baldness (worn) {rPois MP+9}
   (Okawaru gifted it to you on level 4 of the Lair of Beasts)

   rPois:     It protects you from poison.
   MP:        It affects your magic capacity (+9).
 S - +0 ice dragon scales
Jewellery
 j - a ring of protection from cold (right hand)
 x - a +6 ring of intelligence
 z - an amulet of faith
 A - a ring of resist corrosion
 L - a ring of willpower
 N - a +6 ring of strength (left hand)
Wands
 p - a wand of light (9)
 F - a wand of polymorph (1)
Scrolls
 f - 2 scrolls of blinking
 i - 14 scrolls of teleportation
 n - 4 scrolls of fear
 o - 2 scrolls of enchant weapon
 q - a scroll of brand weapon
 s - a scroll of magic mapping
 y - 2 scrolls of immolation
 B - 5 scrolls of fog
 E - 2 scrolls of silence
 G - a scroll of poison
 I - 5 scrolls of identify
 J - 3 scrolls of amnesia
 M - a scroll of butterflies
 Q - a scroll of acquirement
Potions
 e - 9 potions of curing
 g - 6 potions of mutation
 h - 2 potions of lignification
 k - 2 potions of invisibility
 l - 3 potions of haste
 m - 5 potions of might
 t - 6 potions of flight
 u - 4 potions of heal wounds
 v - 3 potions of brilliance
 D - 4 potions of berserk rage
Miscellaneous
 H - a phantom mirror
 O - a lightning rod (4/4)


   Skills:
 + Level 13.9 Fighting
 + Level 3.7(10.4) Short Blades
 + Level 16.2(16.4) Long Blades
 + Level 1.3 Axes
 + Level 16.6 Armour
 + Level 3.9 Dodging
 + Level 1.8 Stealth
 + Level 13.0 Shields
 + Level 5.6 Invocations
 + Level 1.0 Evocations


You had 14 spell levels left.
You didn't know any spells.
Your spell library contained the following spells:

 Spells                   Type           Power      Damage    Failure   Level
 Beastly Appendage        Tmut           0%         N/A       99%         1
 Magic Dart               Conj           0%         1d3       99%         1
 Slow                     Hex            0%         N/A       99%         1
 Searing Ray              Conj           0%         2d4       100%        2
 Sublimation of Blood     Necr           0%         N/A       100%        2
 Wereblood                Tmut           0%         N/A       100%        2
 Confusing Touch          Hex            0%         N/A       100%        3
 Portal Projectile        Hex/Tloc       0%         N/A       100%        3
 Spider Form              Tmut/Pois      0%         N/A       100%        3
 Vampiric Draining        Necr           0%         2d6       100%        3
 Vhi's Electric Charge    Tloc/Air       0%         N/A       100%        3
 Fulminant Prism          Conj/Hex       0%         3d5       100%        4
 Leda's Liquefaction      Hex/Erth       0%         N/A       100%        4
 Arcjolt                  Conj/Air       0%         1d10      100%        5
 Blade Hands              Tmut           0%         N/A       100%        5
 Eringya's Noxious Bog    Tmut/Pois      0%         N/A       100%        6
 Plasma Beam              Fire/Air       0%         2x1d11    100%        6
 Call Canine Familiar     Summ           Unusable   N/A       N/A         3
 Tukima's Dance           Hex            Unusable   N/A       N/A         3
 Summon Forest            Summ/Tloc      Unusable   N/A       N/A         5
 Summon Hydra             Summ           Unusable   N/A       N/A         7

Dungeon Overview and Level Annotations

Branches:
Dungeon (13/15)            Temple (0/1) D:7            Lair (5/5) D:10
  Swamp (0/4) Lair:3        Snake (0/4) Lair:2        Slime (0/5) Lair:5
    Orc (2/2) D:9             Elf (0/3) Orc:2        Vaults (0/5) D:13
 Bailey (visited)           IceCv (visited)

Altars:
Elyvilon
Okawaru
Qazlal
Sif Muna
Xom

Shops:
D:1 (![(   D:7 *   D:8 (   Orc:1 !   Orc:2 ([:*:

Annotations:
D:8 2 transporters, SnailSD's ghost, novice MiBe
D:9 1 runed translucent door, shamsi's ghost, novice OpSu


Innate Abilities, Weirdness & Mutations

You have a pair of horns on your head.
You reflexively headbutt those who attack you in melee.
Your magical capacity is low. (-10% MP)
You occasionally shout uncontrollably at your foes.


Message History

The komodo dragon is heavily wounded.
The komodo dragon bites you!
You closely miss the komodo dragon.
You headbutt the komodo dragon, but do no damage.
The komodo dragon is heavily wounded.
The komodo dragon bites you!!
* * * LOW HITPOINT WARNING * * *
You closely miss the komodo dragon.
The komodo dragon is heavily wounded.
You block the komodo dragon's attack.
You slash the komodo dragon!
The komodo dragon seems to slow down.
You freeze the komodo dragon.
The komodo dragon is severely wounded.
You block the komodo dragon's attack.
You hit the komodo dragon.
The komodo dragon seems to slow down.
You freeze the komodo dragon. You headbutt the komodo dragon!
You kill the komodo dragon!
Okawaru accepts your kill.
The komodo dragon bites you but does no damage.
Unknown command.
You completely miss the komodo dragon. You block the wyvern's attack.
The komodo dragon bites you!
* * * LOW HITPOINT WARNING * * *
You barely miss the komodo dragon.
You headbutt the komodo dragon, but do no damage.
You block the wyvern's attack.
You barely miss the komodo dragon. Your headbutt misses the komodo dragon.
The wyvern bites you but does no damage.
The komodo dragon bites you!
* * * LOW HITPOINT WARNING * * *
You slash the komodo dragon!
The komodo dragon seems to slow down.
You freeze the komodo dragon.
The komodo dragon is moderately wounded.
The wyvern bites you but does no damage.
You hit the komodo dragon.
The komodo dragon seems to slow down.
You freeze the komodo dragon.
The komodo dragon is moderately wounded.
The wyvern barely misses you. You furiously retaliate!
You headbutt the wyvern! The komodo dragon bites you!!
You die...

*** #### ******,** ### #.#.
<,*,,,*,*#*#*#*##* ###.#######..
,,,,,,,*,#.#.#.#.####.....P.##...
,,,**,,,,..........#.........##..
,,***,,*,......##..#........#....
,,***,,,,.......@......P#........
,,*,*,,*,......#ll...............
,,**,,,,,..........#..#......P...
,,***,,*,......#...####PP..##....
,,,*,,,,,.........##*,#P.P..###..
,****,**,#.#.#.#..#***.......,#..
,,***,***.*#.##....#.............
,,,**,,*,**.,*P.......,,,,,.....)
,,,,,,,,,*,,,,,,,,,....,,,,......


You could see a komodo dragon (slow) and a wyvern.

Vanquished Creatures
  2 orc warlords
  An ice dragon (Lair:5)
  Erolcha (D:10)
  A hydra (Lair:3)
  2 boulder beetles
  A two-headed ogre (D:12)
  3 orc high priests
  Amaemon (Lair:2)
  4 orc knights
  7 orc sorcerers
  3 ugly things
  2 guardian serpents (D:12)
  Joseph (D:8)
  2 ice statues (IceCv)
  5 elephants
  4 black mambas
  An orange demon (Lair:2)
  11 cane toads
  5 rime drakes
  2 tengu conjurers (D:12)
  12 komodo dragons
  8 trolls
  4 polar bears
  18 blink frogs
  A hornet (D:7)
  Sigmund (D:2)
  2 shadows
  4 wyverns
  A vampire (D:11)
  4 wraiths
  35 yaks
  3 basilisks
  2 steam dragons
  5 vampire mosquitoes (Lair:3)
  A death yak simulacrum (IceCv)
  3 nagas (Lair:2)
  Menkaure (D:6)
  5 wargs
  4 acid dragons
  10 water moccasins
  An ice beast (D:6)
  32 orc warriors
  4 black bears
  6 centaurs
  6 ogres
  20 wolves
  A phantom (D:7)
  4 kobold brigands
  14 bullfrogs
  A scorpion (D:10)
  A cane toad simulacrum (IceCv)
  11 wights
  An elephant simulacrum (IceCv)
  5 killer bees (D:11)
  2 electric eels (Lair:4)
  2 howler monkeys
  4 hounds
  A jelly (D:7)
  20 orc priests
  A gnoll bouda (D:7)
  Jessica (D:2)
  5 iguanas
  21 orc wizards
  7 gnolls
  9 adders
  2 worms
  3 dart slugs
  76 orcs
  6 ball pythons
  10 endoplasms
  4 giant cockroaches
  17 goblins
  8 hobgoblins
  9 jackals
  49 kobolds
  4 quokkas
  3 bats
  3 frilled lizards
  4 rats
561 creatures vanquished.

Notes
Turn   | Place    | Note
-------+----------+-------------------------------------------
     0 | D:1      | Peloso the Minotaur Fighter began the quest for the Orb.
     0 | D:1      | Reached XP level 1. HP: 19/19 MP: 0/0
   209 | D:1      | Reached XP level 2. HP: 26/27 MP: 1/1
   428 | D:1      | Found Yqac Hau's Weapon Shoppe.
   680 | D:1      | Reached XP level 3. HP: 33/33 MP: 2/2
   690 | D:1      | Found Ogoczixt's Distillery.
   750 | D:1      | Found Mein Zol's Weapon Shop.
   765 | D:1      | Found Luilatid's Armour Shop.
  1260 | D:2      | Found an iron altar of Okawaru.
  1266 | D:2      | Became a worshipper of Warmaster Okawaru
  1273 | D:2      | Identified the +0 robe of Doomed Salvation {rElec}
  1293 | D:2      | Noticed Sigmund
  1804 | D:3      | Reached XP level 4. HP: 34/40 MP: 3/3
  2141 | D:2      | Noticed Jessica
  2146 | D:2      | Killed Jessica
  2147 | D:2      | Reached skill level 1 in Dodging
  2426 | D:2      | Killed Sigmund
  2427 | D:2      | Reached skill level 5 in Armour
  2427 | D:2      | Reached skill level 5 in Shields
  2427 | D:2      | Reached XP level 5. HP: 20/47 MP: 4/4
  2427 | D:2      | Reached XP level 6. HP: 22/53 MP: 5/5
  3345 | D:4      | Identified the +7 short sword "Gycrume" {heavy, *Rage rElec
                  | rN++ rCorr}
  3459 | D:4      | Reached * piety under Okawaru
  3460 | D:4      | Reached skill level 5 in Long Blades
  3486 | D:4      | Reached skill level 1 in Short Blades
  3962 | D:5      | Entered Level 5 of the Dungeon
  4009 | D:5      | Reached XP level 7. HP: 60/60 MP: 6/6
  4680 | D:6      | Reached skill level 5 in Fighting
  4764 | D:6      | Reached XP level 8. HP: 38/68 MP: 4/7
  4769 | D:6      | Reached ** piety under Okawaru
  5245 | D:6      | Found an iron altar of Okawaru.
  5247 | D:6      | Noticed Menkaure
  5250 | D:6      | Killed Menkaure
  6101 | D:7      | Found a white marble altar of Elyvilon.
  6146 | D:7      | Found Ea-nāṣir's Fine Metal Goods.
  6208 | D:7      | Found a shimmering blue altar of Sif Muna.
  6427 | D:7      | Reached XP level 9. HP: 75/75 MP: 8/8
  6436 | D:7      | Found a stormy altar of Qazlal.
  6694 | D:7      | Reached skill level 1 in Stealth
  6988 | D:7      | Found a staircase to the Ecumenical Temple.
  7073 | D:8      | Reached skill level 1 in Invocations
  7346 | D:8      | Found Pitt's Weapon Emporium.
  7430 | D:8      | Noticed SnailSD's ghost (novice MiBe)
  7497 | D:8      | Noticed Joseph
  7512 | D:8      | Killed Joseph
  7735 | D:8      | Found a transporter.
  7768 | D:8      | Found a transporter.
  7886 | D:9      | Found a flagged portal.
  7901 | Bailey   | Entered a bailey
  7908 | Bailey   | Noticed an orc warlord
  8011 | Bailey   | Found a runed translucent gate.
  8012 | Bailey   | Found a runed translucent gate.
  8013 | Bailey   | Found a runed translucent gate.
  8029 | Bailey   | Reached *** piety under Okawaru
  8192 | Bailey   | Killed an orc warlord
  8193 | Bailey   | Reached skill level 10 in Armour
  8193 | Bailey   | Reached XP level 10. HP: 34/88 MP: 6/10
  8380 | D:9      | Found a runed translucent door.
  8385 | D:9      | Found a staircase to the Orcish Mines.
  8728 | D:9      | Reached skill level 10 in Long Blades
  9500 | D:9      | Found a shimmering altar of Xom.
  9790 | D:9      | Noticed shamsi's ghost (novice OpSu)
  9834 | D:10     | Entered Level 10 of the Dungeon
 10062 | D:10     | Noticed Erolcha
 10073 | D:10     | Killed Erolcha
 10073 | D:10     | Reached **** piety under Okawaru
 10081 | D:10     | Noticed a boulder beetle
 10311 | D:9      | Killed a boulder beetle
 10470 | D:9      | Reached XP level 11. HP: 86/95 MP: 11/11
 10564 | D:10     | Found a staircase to the Lair.
 10598 | D:10     | Reached skill level 1 in Evocations
 11488 | Lair:1   | Entered Level 1 of the Lair of Beasts
 11493 | Lair:1   | Identified the +5 shortbow of Winter {antimagic, Str+3}
 12657 | Lair:1   | Reached skill level 10 in Fighting
 12845 | Lair:1   | Reached ***** piety under Okawaru
 13103 | Lair:2   | Reached XP level 12. HP: 104/106 MP: 13/13
 13191 | Lair:2   | Found a staircase to the Snake Pit.
 13361 | Lair:2   | Noticed Amaemon
 13374 | Lair:2   | Killed Amaemon
 14352 | Lair:3   | Noticed an eight-headed hydra
 14365 | Lair:3   | Killed a four-headed hydra
 14964 | Lair:3   | Reached skill level 1 in Axes
 15056 | Lair:3   | Found a staircase to the Swamp.
 15087 | Lair:3   | Reached skill level 10 in Shields
 16359 | D:11     | Noticed a boulder beetle
 16377 | D:11     | Killed a boulder beetle
 16785 | Orc:1    | Entered Level 1 of the Orcish Mines
 16904 | D:9      | Paralysed by an orc sorcerer for 3 turns
 17545 | Orc:1    | Reached XP level 13. HP: 112/116 MP: 15/15
 17585 | Orc:1    | Found Piomecex's Distillery.
 18189 | D:1      | Bought +0 gold dragon scales for 1040 gold pieces
 18389 | Orc:2    | Entered Level 2 of the Orcish Mines
 18411 | Orc:2    | Identified the +4 ring mail of Qatih {Rampage rF+ Int+3}
                  | (Okawaru gifted it to you on level 2 of the Orcish Mines)
 18411 | Orc:2    | Received a gift from Okawaru
 18957 | Orc:2    | Gained mutation: You occasionally shout uncontrollably at
                  | your foes. [a neqoxec]
 18958 | Orc:2    | Gained mutation: Your magical capacity is low. (-10% MP) [a
                  | neqoxec]
 18965 | Orc:2    | Paralysed by an orc sorcerer for 3 turns
 19268 | Orc:2    | Found Zibaor's Book Shoppe.
 19972 | Orc:1    | Reached skill level 15 in Long Blades
 19998 | Orc:2    | Noticed an orc warlord
 20045 | Orc:1    | Killed an orc warlord
 20292 | Orc:2    | Paralysed by an orc sorcerer for 3 turns
 20801 | Orc:2    | Reached skill level 15 in Armour
 21134 | Orc:2    | Found a staircase to the Elven Halls.
 21294 | Orc:2    | Found Kurrot's Antique Armour Shoppe.
 21295 | Orc:2    | Found Diucim's Antique Weapon Shoppe.
 21297 | Orc:2    | Found Pyfog's General Store.
 21297 | Orc:2    | Found Xoha's Book Emporium.
 21314 | Orc:2    | Bought a scorched hat for 315 gold pieces
 21314 | Orc:2    | Identified the +1 hat of the Monkey's Uncle {Will+} (You
                  | bought it in a shop on level 2 of the Orcish Mines)
 21483 | D:7      | Bought a faintly humming buckler for 313 gold pieces
 21483 | D:7      | Identified the +0 buckler of the Shoals {Will- Str+3} (You
                  | bought it in a shop on level 7 of the Dungeon)
 22648 | D:12     | Identified the +2 ring mail of Haunted Happiness {rCorr}
 22887 | D:12     | Found a shimmering blue altar of Sif Muna.
 22891 | D:12     | Reached skill level 5 in Invocations
 22891 | D:12     | Reached XP level 14. HP: 129/129 MP: 13/15
 22892 | D:12     | Identified a scroll of acquirement
 22977 | D:13     | Found a gate to the Vaults.
 24018 | Lair:4   | Identified the +2 cloak of Baldness {rPois MP+9} (Okawaru
                  | gifted it to you on level 4 of the Lair of Beasts)
 24018 | Lair:4   | Received a gift from Okawaru
 24919 | Lair:5   | Entered Level 5 of the Lair of Beasts
 24943 | Lair:5   | Reached XP level 15. HP: 131/136 MP: 16/16
 24996 | Lair:5   | Found a frozen archway.
 25073 | IceCv    | Entered an ice cave
 25645 | IceCv    | Found a transporter.
 25650 | IceCv    | Found the +3 pair of seven-league boots {Rampage+∞}
 25651 | IceCv    | Found a transporter.
 25966 | Lair:5   | HP: 6/137 [komodo dragon (12)]
 25968 | Lair:5   | Demolished by a komodo dragon

Illustrated notes

Levels and vault maps discovered:
D:1:      dpeg_arrival_castle, layout_loops_ring, serial_forest,
          infiniplex_forest_zigzag_2, infiniplex_forest_end_2,
          infiniplex_forest_end_2, infiniplex_forest_end_1,
          infiniplex_forest_clump_C, infiniplex_forest_zigzag_2,
          infiniplex_forest_straight_4, infiniplex_forest_clump_curved,
          serial_shops, shop, shop, nicolae_shop_hallway_stairs,
          nicolae_lakefront_shop, minmay_misc_feat_chi
D:2:      layout_basic, basic_altar, uniq_sigmund, uniq_jessica
D:3:      layout_loops_cross
D:4:      minmay_spotlight, layout_rooms, serial_forest,
          infiniplex_forest_fountain, infiniplex_forest_straight_1,
          infiniplex_forest_straight_2, infiniplex_forest_end_2,
          infiniplex_forest_clump_tiny, infiniplex_forest_clump_medium,
          infiniplex_forest_straight_4, infiniplex_forest_clump_C,
          serial_bayou_lake_a
D:5:      layout_gridville
D:6:      kennysheep_kobold_camp, layout_loops_cross, kennysheep_mini,
          chequers_serial_rivers_small_3, uniq_menkaure
D:7:      layout_basic, elyvilon_altar_1, old_standard_altar,
          mainiacjoe_overflow_24_doors, minmay_temple_entry_offerings,
          interstate_on_off, grunt_ministairs_14, nicolae_ea-nasir_strikes_again
D:8:      layout_cave_pools, serial_shops, nicolae_shop_advertising_works
          [nicolae_subvault_shop_adworks], gammafunk_ghost_stat_death,
          uniq_joseph
D:9:      layout_grid_maze, old_standard_altar, david_orc_5,
          ebering_ghost_reflecting_pool, enter_bailey_5
D:10:     layout_small_grid, due_lair_maze_entry_diamond, uniq_erolcha
D:11:     layout_irregular_city
D:12:     nrook_guardian_serpent_snake_passage, layout_irregular_city,
          lemuel_blue_sif_altar
D:13:     orc_temple, layout_stronghold, lightli_vaults_fourway_checkpoint,
          grunt_ogre_cave, nemelex_lonely_heart_becter
Lair:1:   layout_regular_city
Lair:2:   layout_roguey, guppyfry_snake_entry_garden, st_stairs_12,
          lemuel_fruit_tree, uniq_amaemon
Lair:3:   layout_long_grid, minmay_swamp_entry_swarm, grunt_megastairs_3,
          infiniplex_staircase_pool_2
Lair:4:   layout_gridlike
Lair:5:   evilmike_catoblepas_cave, layout_gridlike, minmay_slime_entry_pillars,
          portal_ice_cave_entry_animals_and_master, st_stairs_4
Orc:1:    layout_caves, serial_shops, shop
Orc:2:    st_orc_congregation, layout_diamond_mine, serial_shops,
          nicolae_shop_temple_entry_statues_fountains

Skill      XL: |  1  2  3  4  5  6  7  8  9 10 11 12 13 14 15 |
---------------+----------------------------------------------+-----
Shields        | 4 5 6 7 8 10 12 13 | 13.0
Armour         | 4 5 6 8 10 11 13 14 16 | 16.6
Fighting       | 4 5 7 8 10 11 13 | 13.9
Long Blades    | 3 4 5 6 7 9 11 13 14 15 16 | 16.2
Dodging        | 1 2 3 |  3.9
Short Blades   | 1 2 3 |  3.7
Stealth        | 1 |  1.8
Invocations    | 1 2 3 4 5 |  5.6
Evocations     | 1 |  1.0
Axes           | 1 |  1.3

Action                     |  1- 3 |  4- 6 |  7- 9 | 10-12 | 13-15 || total
---------------------------+-------+-------+-------+-------+-------++-------
  Melee: Long sword        |   106 |   102 |   237 |   811 |   867 ||  2123
         Headbutt          |    15 |    39 |    61 |   190 |   212 ||   517
         Short sword       |       |    55 |    47 |       |       ||   102
         Hand axe          |       |       |       |     5 |       ||     5
 Invoke: Heroism           |       |       |    11 |    23 |    11 ||    45
  Evoke: Wand              |       |       |       |     4 |       ||     4
         Lightning rod     |       |       |       |       |     1 ||     1
    Use: Scroll            |     7 |     3 |     7 |     6 |    12 ||    35
         Potion            |       |     1 |     4 |     1 |     4 ||    10
   Stab: Invisible         |       |       |       |     1 |       ||     1
 Armour: Scale mail        |    49 |       |       |       |       ||    49
         Chain mail        |    11 |    50 |   111 |       |       ||   172
         Plate armour      |       |       |    90 |   469 |    16 ||   575
         Gold dragon scale |       |       |       |       |   682 ||   682
         Ice dragon scales |       |       |       |       |    32 ||    32
  Dodge: Dodged            |    49 |    63 |   143 |   286 |   296 ||   837
  Block: Buckler           |    34 |    19 |    95 |   238 |   316 ||   702
